 Dungeon Crawl Stone Soup version 0.28-a0-503-g83f2989fac (webtiles) character file.

Game seed: 1463152717783171075

0 spiderkeys the Skirmisher (level 1, -3/23 HPs)
             Began as a Gnoll Abyssal Knight on Sept 21, 2021.
             Was a Follower of Lugonu.
             Slain by an Executioner (5 damage)
             ... on level 3 of the Abyss.
             The game lasted 00:01:06 (191 turns).

spiderkeys the Skirmisher (Gnoll Abyssal Knight)     Turns: 191, Time: 00:01:07

Health: -3/23      AC:  3    Str: 12    XL:     1   Next: 0%
Magic:  3/3        EV: 12    Int:  9    God:    Lugonu [*.....]
Gold:   0          SH:  0    Dex: 12    Spells: 0/0 levels left

rFire   . . .      SeeInvis .   a - +1 spear
rCold   . . .      Faith    .   (no shield)
rNeg    . . .      Spirit   .   b - +0 leather armour
rPois   .          Reflect  .   (no helmet)
rElec   .          Harm     .   (no cloak)
rCorr   .          Rampage  .   (no gloves)
Will    .....                   (no boots)
Stlth   +.........              (no amulet)
HPRegen 0.07/turn               (no ring)
MPRegen 0.08/turn               (no ring)

@: confused
A: fangs 1, strong nose, distributed training
a: Renounce Religion, Depart the Abyss


You were on level 3 of the Abyss.
You worshipped Lugonu.
Lugonu was aware of your devotion.
You visited 0 branches of the dungeon, and saw 0 of its levels.
You visited the Abyss 1 time.


Innate Abilities, Weirdness & Mutations

You have very sharp teeth.
Your uncanny sense of smell can sniff out nearby items.
Your experience applies equally to all skills.


   Skills:
 + Level 6.4 Fighting
 + Level 0.0 Short Blades
 + Level 0.0 Long Blades
 + Level 0.0 Axes
 + Level 0.0 Maces & Flails
 + Level 4.4 Polearms
 + Level 0.0 Staves
 + Level 0.0 Slings
 + Level 0.0 Bows
 + Level 0.0 Crossbows
 + Level 0.0 Throwing
 + Level 4.4 Armour
 + Level 2.3 Dodging
 + Level 0.0 Stealth
 + Level 0.0 Shields
 + Level 0.0 Unarmed Combat
 + Level 0.0 Spellcasting
 + Level 0.0 Conjurations
 + Level 0.0 Hexes
 + Level 0.0 Summonings
 + Level 0.0 Necromancy
 + Level 0.0 Translocations
 + Level 0.0 Transmutations
 + Level 0.0 Fire Magic
 + Level 0.0 Ice Magic
 + Level 0.0 Air Magic
 + Level 0.0 Earth Magic
 + Level 0.0 Poison Magic
 + Level 4.4 Invocations
 + Level 0.0 Evocations


You couldn't memorise any spells.
You didn't know any spells.
Your spell library was empty.

Inventory:

Hand Weapons
 a - a +1 spear (weapon)
Missiles
 d - 21 bolts
Armour
 b - a +0 leather armour (worn)
Wands
 c - a wand of flame (16)
   (You found it on level 3 of the Abyss)
Potions
 e - a potion of heal wounds {unknown}
Miscellaneous
 f - a condenser vane (inert)
   (You found it on level 3 of the Abyss)

Dungeon Overview and Level Annotations

Branches:
Dungeon (0/15)

Altars:

. ## . ##. . # .
##...# .. # #
#.....# # ##
#.##...#. ##
#..##.#.#.. ..
...##...... . #
#.##......## . .
##X# .#..#@### #
..#.#..###.##§1..#
##.##.#..#.§#☼x## #
#..#...#....4§#.§..
#.#.# 4#
#.#.#.§..§§#.. #.
.#....##.§.#..#§§§#
..#.. #
.#.§w..####.#.#
....###.§.#.#..
...... # . #
#.##..#.........


You could see an Executioner (fast), a chaos spawn (confused) and a small
abomination.


Message History

🤖 Initializing magus.rc ...
Options error: Delay interrupt name "hungry" not recognised. (~/.crawlrc:4988) ✅ Successfully initialized magus.rc [v1.9.10] Welcome, spiderkeys the Gnoll Abyssal Knight.
It is said that the Orb of Zot exists deep within this dungeon.
Lugonu says: Depart the Abyss and spread corruption, my servant! (use the ability menu to exit the Abyss) Press ? for a list of commands and other information.
Found a corrupted altar of Lugonu.
Found a gateway leading deeper into the Abyss.
Found a gateway leading deeper into the Abyss.
There is a gateway leading deeper into the Abyss here.
You plunge deeper into the Abyss.
Found a gateway leading deeper into the Abyss.
There is a gateway leading deeper into the Abyss here.
There is a gateway leading deeper into the Abyss here.
You plunge deeper into the Abyss.
The abyssal rune of Zot can be found at this depth.
c - a scroll labelled HAANUT HEGGUOJ
d - 21 bolts
e - a silvery potion A bunyip zombie comes into view.
As you read the scroll labelled HAANUT HEGGUOJ, it crumbles to dust.
You feel strangely unstable.
You feel the power of the Abyss delaying your translocation!
It was a scroll of teleportation.
You are suddenly pulled into a different region of the Abyss!
A tentacled starspawn comes into view.
Tentacles burst from the starspawn's body! 2 starspawn tentacles come into view.
You enter the shallow water.
Moving in this stuff is going to be slow.
A tentacle flies out from the starspawn's body!
You see here a wand of flame (16).
c - a wand of flame (16) Tentacles burst from the starspawn's body! 2 starspawn tentacles come into view.
A tentacle flies out from the starspawn's body!
A starspawn tentacle comes into view.
A chaos spawn comes into view.
The chaos spawn howls!
A small abomination comes into view.
A lurking horror comes into view.
Your body is wracked with pain! 😮 HP[-10]
You take 10 damage, and now have 13/23 hp.
MASSIVE DAMAGE!! (PAUSE)
An Executioner comes into view. 😮 HP[+1]
The Executioner gives a hideous shriek!
You see here a condenser vane.
f - a condenser vane Clouds of noxious fumes condense around you!
The condenser dries out!
The Executioner gestures.
The Executioner seems to speed up.
The chaos spawn is engulfed in noxious fumes.
The chaos spawn appears confused.
Tentacles burst from the starspawn's body! 2 starspawn tentacles come into view.
Unknown command.
Really walk into that cloud of noxious fumes?
Okay, then.
Really walk into that cloud of noxious fumes?
You are engulfed in noxious fumes.
You choke on the stench!
You are confused.
The chaos spawn is engulfed in noxious fumes.
The chaos spawn appears confused. 😮 HP[-1]
You take 1 damage, and now have 13/23 hp.
You bump into the rock wall.
You are engulfed in noxious fumes.
You choke on the stench!
You are more confused.
The Executioner hits you.
* * * LOW HITPOINT WARNING * * *
The Executioner hits you!
* * * LOW HITPOINT WARNING * * *
The Executioner hits you.
You die...

Action                   || total
-------------------------++-------
Evoke: Condenser vane    ||     1
  Use: Scroll            ||     1

Levels and vault maps discovered:
Abyss:3:  base: Temple, guppyfry_abyss_exit_glass_guarded,
          evilmike_abyss_exit_vortex, nicolae_abyss_rune_star_stuff

Notes
Turn   | Place    | Note
-------+----------+-------------------------------------------
     0 | Abyss:1  | spiderkeys the Gnoll Abyssal Knight began the quest for the
                  | Orb.
     0 | Abyss:1  | Reached XP level 1. HP: 23/23 MP: 3/3
     0 | Abyss:1  | magus.rc [v1.9.10]
    73 | Abyss:3  | Noticed a bunyip zombie
   133 | Abyss:3  | Noticed a tentacled starspawn
   167 | Abyss:3  | Noticed a chaos spawn
   168 | Abyss:3  | Noticed a small abomination
   182 | Abyss:3  | Noticed an Executioner
   191 | Abyss:3  | HP: 2/23 [Executioner (8)]
   191 | Abyss:3  | Slain by an Executioner

Vanquished Creatures (others)
  A lurking horror (Abyss:3)
  10 starspawn tentacles (Abyss:3)
11 creatures vanquished.

Table legend:
 A = Non-vault XP
 B = Vault XP
 C = Vault XP percentage of total XP
 D = Non-vault monster count
 E = Vault monster count
 F = Vault count percentage of total count
                 A         B        C        D         E       F
            +---------+---------+-------+---------+---------+-------
      Total |       0 |       0 |   N/A |       0 |       0 |  -nan
            +---------+---------+-------+---------+---------+-------
            +---------+---------+-------+---------+---------+-------

Illustrated notes

Table legend: (Time is in decaauts)
 A = Elapsed time spent in this place.
 B = Non-inter-level travel time spent in this place.
 C = Inter-level travel time spent in this place.
 D = Time resting spent in this place.
 E = Time spent auto-exploring this place.
 F = Levels seen in this place.
 G = Mean time per level.
                   A        B        C        D        E       F      G
               +--------+--------+--------+--------+--------+-----+--------+
         Total |    193 |    193 |      0 |      0 |     53 |   3 |   64.3 |
         Abyss |    193 |    193 |      0 |      0 |     53 |   3 |   64.3 |
               +--------+--------+--------+--------+--------+-----+--------+

Top non-repeatable levels by time:
 Abyss:3: 142 daAuts
 Abyss:2: 30 daAuts
 Abyss:1: 20 daAuts
